 Dungeon Sprint DCSS version 0.27.1-33-g824d729ab1 (webtiles) character file.

Game seed: 3333599623030608861

711 manyhoops the Unseen (level 7, -5/41 HPs)
             Began as an Octopode Enchanter on Dec 7, 2021.
             Was an Initiate of Dithmenos.
             Slain by a sun demon (19 damage)
             ... summoned by a kobold demonologist
             ... in the Dungeon (Sprint I: "Red Sonja").
             The game lasted 00:01:17 (361 turns).

manyhoops the Unseen (Octopode Enchanter)            Turns: 361, Time: 00:01:18

Health: -5/41      AC:  1    Str:  7      XL:     7   Next: 68%
Magic:  5/10       EV: 13    Int: 17      God:    Dithmenos [......]
Gold:   419        SH:  0    Dex: 12 (15) Spells: 1/10 levels left

rFire    . . .     SeeInvis .   a - +1 dagger
rCold    . . .     Faith    .   (no shield)
rNeg     . . .     Spirit   .   (helmet restricted)
rPois    .         Reflect  .   (no amulet)
rElec    .         Harm     .   (no ring)
rCorr    .         Rampage  .   (no ring)
Will     .....     NoTele   +   (no ring)
Stlth    ++++++++..             (no ring)
HPRegen  0.13/turn              (no ring)
MPRegen  0.12/turn              (no ring)
                                (no ring)
                                (no ring)

@: no status effects
A: almost no armour, amphibious, 8 rings, camouflage 1, gelatinous body 1,
(nimble swimmer 1), tentacles
a: Renounce Religion


You were in the Dungeon.
You worshipped Dithmenos.
Dithmenos was noncommittal.
You visited 1 branch You collected 419 gold pieces.

Inventory:

Hand Weapons
 a - a +1 dagger (weapon)
Scrolls
 f - 2 scrolls of fog {unknown}
Potions
 b - a potion of curing
 c - a potion of heal wounds
 d - a potion of haste
 e - 3 potions of magic


   Skills:
 - Level 1.0 Short Blades
 - Level 2.0 Dodging
 + Level 20.7 Stealth
 - Level 2.0 Spellcasting
 - Level 3.0 Hexes


You had one spell level left.
You knew the following spells:

 Your Spells              Type           Power      Damage    Failure   Level
a - Corona                Hex            12%        N/A       5%          1
b - Ensorcelled Hibernat  Hex/Ice        12%        N/A       16%         2
c - Confusing Touch       Hex            11%        N/A       17%         3
d - Tukima's Dance        Hex            11%        N/A       17%         3

Your spell library contained the following spells:

 Spells                   Type           Power      Damage    Failure   Level
 Dazzling Flash           Conj/Hex       12%        N/A       30%         3


Dungeon Overview and Level Annotations

Branches:
Dungeon (1/1)

Altars:
Cheibriados
Dithmenos
Elyvilon
Fedhas
Gozag
Hepliaklqana
Kikubaaqudgha
Makhleb
Nemelex Xobeh
Okawaru
Qazlal
Ru
Sif Muna
Trog
Uskayaw
Vehumet
Wu Jian
Xom
Yredelemnul
Zin
The Shining One
Jiyva
Lugonu

Shops:
D (


Innate Abilities, Weirdness & Mutations

You cannot wear most types of armour.
You are amphibious.
You can wear up to eight rings at the same time.
Your skin changes colour to match your surroundings (Stealth+).
Your rubbery body absorbs attacks. (AC +1, EV +1)
((You are camouflaged near water. (Stealth+)))
You have tentacles for arms and can constrict up to eight enemies at once.


Message History

You feel clumsy.
The crimson imp blinks!
There is an open door here.
You see here a +0 giant club.
The quasit bites you. The quasit claws you.
The quasit claws you but does no damage.
There is an open door here.
Things that are here:
a +0 club; a +0 scale mail; a wand of digging (5)
The quasit barely misses you. The quasit claws you. x2
There is an open door here.
You hit the quasit but do no damage. Your grab misses the quasit.
The quasit closely misses you. The quasit claws you. The quasit misses you.
The quasit closely misses you. x3
Blink to where?
Press: ? - help, Dir - move target
As you read the scroll of blinking, it crumbles to dust.
The kobold demonologist misses you.
Casting: Ensorcelled Hibernation (safe; 16% risk of failure)
Confirm with . or Enter, or press ? or * to list all spells.
Aiming: Ensorcelled Hibernation (safe; 16% risk of failure)
Press: ? - help, Shift-Dir - straight line, f - kobold demonologist
Aim: a kobold demonologist, wielding a +0 dagger and wearing a +0 robe (chance to affect: 22%)
The kobold demonologist resists with almost no effort.
The sun demon closely misses you.
The kobold demonologist casts a spell.
The crimson imp blinks!
The ynoxinul closely misses you.
Unknown command.
Casting: Ensorcelled Hibernation (safe; 16% risk of failure)
Confirm with . or Enter, or press ? or * to list all spells.
Aiming: Ensorcelled Hibernation (safe; 16% risk of failure)
Press: ? - help, Shift-Dir - straight line, f - kobold demonologist, p - kobold demonologist
Aim: a kobold demonologist, wielding a +0 dagger and wearing a +0 robe (chance to affect: 22%)
The kobold demonologist resists with almost no effort.
The sun demon misses you.
The kobold demonologist hits you with a +0 dagger.
The ynoxinul gestures.
You closely miss the ufetubus. Your grab misses the ufetubus.
The sun demon hits you.
You are engulfed in flames!!
You die...

########################
#<.#.K334#.§'..#__#.5'5.
#..'..#@K5..#5.'455K3#..
#..#####5#####'#5_####35
#..####..#...#.#### ##
#..#__####..##.#
#..#_____##'#_.+
#⌠⌠#_.∩...'..._#
####_..__##_.#'#
#_____###+#.# #######
###


You could see a sun demon (summoned), a rust devil (summoned), 2 kobold
demonologists, a ynoxinul (summoned) and 2 ufetubi.

Vanquished Creatures
  Sigmund (D)
  A slime creature (D)
  A yak (D)
  A floating eye (D)
  An ogre (D)
  A jelly (D)
  Ijyb (D)
7 creatures vanquished.

Notes
Turn   | Place    | Note
-------+----------+-------------------------------------------
     0 | D        | manyhoops the Octopode Enchanter began the quest for the
                  | Orb.
     0 | D        | Reached XP level 1. HP: 11/11 MP: 3/3
     1 | D        | Noticed Ijyb
    10 | D        | Killed Ijyb
    11 | D        | Reached skill level 9 in Stealth
    11 | D        | Reached XP level 2. HP: 6/17 MP: 5/5
    11 | D        | Reached XP level 3. HP: 8/21 MP: 6/6
   220 | D        | Noticed an ogre
   222 | D        | Killed an ogre
   223 | D        | Reached skill level 13 in Stealth
   223 | D        | Reached XP level 4. HP: 27/27 MP: 7/7
   226 | D        | Learned a level 2 spell: Ensorcelled Hibernation
   230 | D        | Learned a level 3 spell: Confusing Touch
   238 | D        | Noticed Sigmund
   241 | D        | Killed Sigmund
   242 | D        | Reached skill level 16 in Stealth
   242 | D        | Reached XP level 5. HP: 31/31 MP: 8/8
   242 | D        | Reached XP level 6. HP: 36/36 MP: 9/9
   253 | D        | Found an ornate altar of the Wu Jian Council.
   253 | D        | Found a shimmering blue altar of Sif Muna.
   255 | D        | Found a radiant altar of Vehumet.
   260 | D        | Reached skill level 17 in Stealth
   262 | D        | Found Wamew's Antique Weapon Emporium.
   262 | D        | Found an ancient bone altar of Kikubaaqudgha.
   262 | D        | Found a hazy altar of Hepliaklqana.
   262 | D        | Found a stormy altar of Qazlal.
   262 | D        | Found a hide-covered altar of Uskayaw.
   262 | D        | Found a blossoming altar of Fedhas.
   262 | D        | Found a bloodstained altar of Trog.
   262 | D        | Found an iron altar of Okawaru.
   262 | D        | Found a basalt altar of Yredelemnul.
   262 | D        | Found a glowing golden altar of the Shining One.
   262 | D        | Found a snail-covered altar of Cheibriados.
   262 | D        | Found a sacrificial altar of Ru.
   262 | D        | Found a glowing silver altar of Zin.
   262 | D        | Found a shadowy altar of Dithmenos.
   262 | D        | Found a white marble altar of Elyvilon.
   262 | D        | Noticed a yak
   263 | D        | Found an opulent altar of Gozag.
   264 | D        | Killed a yak
   265 | D        | Reached skill level 18 in Stealth
   265 | D        | Reached XP level 7. HP: 41/41 MP: 10/10
   265 | D        | Found a sparkling altar of Nemelex Xobeh.
   271 | D        | Became a worshipper of Dithmenos the Shadowed
   315 | D        | Learned a level 3 spell: Tukima's Dance
   315 | D        | Found a burning altar of Makhleb.
   315 | D        | Found a viscous altar of Jiyva.
   315 | D        | Found a shimmering altar of Xom.
   315 | D        | Found a corrupted altar of Lugonu.
   315 | D        | Noticed a slime creature
   318 | D        | Killed a slime creature
   319 | D        | Reached skill level 20 in Stealth
   331 | D        | Noticed a kobold demonologist
   332 | D        | Noticed a kobold demonologist
   334 | D        | Noticed a ynoxinul
   340 | D        | Noticed a rust devil
   344 | D        | Noticed a sun demon
   359 | D        | Noticed a ynoxinul
   361 | D        | Slain by a sun demon

Illustrated notes

Levels and vault maps discovered:
D:        dungeon_sprint_1 [red_sonja_temple_1, red_sonja_temple_small_1]

Skill      XL: |  1  2  3  4  5  6  7 |
---------------+----------------------+-----
Stealth        | 9 13 16 18 20 | 20.7
Short Blades   | |  1.0
Dodging        | |  2.0
Spellcasting   | |  2.0
Hexes          | |  3.0

Action                   |  1- 3 |  4- 6 |  7- 9 || total
-------------------------+-------+-------+-------++-------
Melee: Dagger            |     7 |     3 |     4 ||    14
       Tentacles         |     2 |       |       ||     2
       Constrict         |     1 |       |       ||     1
 Cast: Ensorcelled Hiber |       |       |     4 ||     4
  Use: Potion            |     1 |       |       ||     1
       Scroll            |       |       |     1 ||     1
 Stab: Sleeping          |     2 |     3 |     2 ||     7
Armor: Skin              |       |       |     1 ||     1
Dodge: Dodged            |     1 |       |    13 ||    14
